 Dungeon Crawl Stone Soup version 0.31-a0-654-gbe3e110b4e (webtiles) character file.

Game seed: 2942340134540149240

112 holysushi the Cutter (level 5, -2/32 HPs)
             Began as a Kobold Monk on Aug 29, 2023.
             Was a Believer of Uskayaw.
             Killed by divine providence
             ... invoked by an orc priest
              (12 damage)
             ... on level 4 of the Dungeon.
             The game lasted 00:02:54 (2511 turns).

holysushi the Cutter (Kobold Monk)                  Turns: 2511, Time: 00:02:54

Health: -2/32      AC:  3    Str:  9    XL:     5   Next: 16%
Magic:  5/5        EV: 17    Int: 11    God:    Uskayaw [**....]
Gold:   146        SH:  0    Dex: 19    Spells: 4/4 levels left

rFire   . . .        a - +0 short sword
rCold   . . .        d - orb {light}
rNeg    . . .        b - +0 robe
rPois   .            n - +0 helmet
rElec   .            (no cloak)
rCorr   .            (no gloves)
SInv    .            (no boots)
Will    .....        (no amulet)
Stlth   +            (no ring)
HPRegen 0.25/turn    (no ring)
MPRegen 0.09/turn

%: no passive effects
@: attractive, glowing
A: small, no large weapons, nightstalker 3
a: Renounce Religion, Stomp, Line Pass


You were on level 4 of the Dungeon.
You worshipped Uskayaw.
Uskayaw was noncommittal.
You visited 1 branch of the dungeon, and saw 4 of its levels.

You collected 146 gold pieces.

Inventory:

Hand Weapons
 a - a +0 short sword (weapon)
Armour
 b - a +0 robe (worn)
 d - an orb of light (worn)
 n - a +0 helmet (worn)
Wands
 o - a wand of polymorph (5)
Scrolls
 e - a scroll of amnesia {unknown}
 i - a scroll of teleportation
 j - 4 scrolls of identify {unknown}
 k - a scroll of poison {unknown}
 m - a scroll of blinking {unknown}
Potions
 c - a potion of ambrosia
 f - a potion of enlightenment {unknown}
 g - a potion of attraction
 h - a potion of invisibility {unknown}
 l - a potion of haste {unknown}
 p - a potion of cancellation {unknown}


   Skills:
 - Level 3.2 Fighting
 + Level 6.4 Short Blades
 - Level 4.3 Dodging
 + Level 0.6 Stealth
 + Level 0.6 Invocations
 + Level 0.6 Evocations


You had 4 spell levels left.
You didn't know any spells.
Your spell library contained the following spells:

 Spells                   Type           Power      Damage    Failure   Level
 Cigotuvi's Dreadful Rot  Necr/Pois/Air  0%         N/A       47%         2
 Silence                  Hex/Air        0%         N/A       100%        5
 Yara's Violent Unravell  Hex/Tmut       0%         3d3       100%        5


Dungeon Overview and Level Annotations

Branches:
Dungeon (4/15) Zot: 21532
 Temple: D:4-7

Altars:
Ashenzari
Qazlal
Uskayaw

Annotations:
D:3 exclusion: downstairs
D:4 Pikel


Innate Abilities, Weirdness & Mutations

You are small and have problems with some larger weapons.
You are completely attuned to the shadows.


Message History

You hit the orc.
The orc is lightly wounded.
The orc closely misses you.
You hit the orc but do no damage.
The orc is lightly wounded.
The orc hits you but does no damage.
You barely miss the orc.
The orc is lightly wounded.
You hit the orc.
The orc is heavily wounded.
The orc hits you but does no damage.
You hit the orc but do no damage.
The orc is heavily wounded.
The orc closely misses you.
You hit the orc.
The orc is severely wounded.
You hit the orc.
You kill the orc!
You can now pass through a line of other dancers.
You hit the orc but do no damage. The orc misses you.
You hit the orc but do no damage. The orc hits you with a +0 dagger.
You hit the orc.
The orc is moderately wounded.
You hit the orc but do no damage.
The orc is moderately wounded.
The orc barely misses you.
You hit the orc but do no damage.
The orc is moderately wounded.
The orc hits you with a +0 dagger.
You hit the orc but do no damage.
The orc is moderately wounded.
You hit the orc but do no damage.
The orc is moderately wounded.
The orc priest invokes the aid of Beogh against you.
Beogh smites you! The orc hits you with a +0 dagger.
You barely miss the orc.
The orc is moderately wounded.
The orc priest invokes the aid of Beogh against you.
Beogh smites you!
You die...

.# #.# #.#
####.#####
#........#
..######.##.#...##
.woo@.............
..######.###....#
#.# #.#..#
#)###.##.#
#..<.....#
#####.#### #.# ...
#.#.


You could see a worm, an orc priest and an orc.

Vanquished Creatures
  Jessica (D:3)
  2 adders
  A river rat (D:3)
  A worm (D:3)
  2 dart slugs (D:1)
  11 orcs
  2 ball pythons
  3 endoplasms
  3 goblins
  3 hobgoblins
  2 jackals (D:3)
  2 bats (D:3)
  2 frilled lizards (D:3)
  5 kobolds
  A rat (D:3)
41 creatures vanquished.

Notes
Turn   | Place    | Note
-------+----------+-------------------------------------------
     0 | D:1      | holysushi the Kobold Monk began the quest for the Orb.
     0 | D:1      | Reached XP level 1. HP: 14/14 MP: 1/1
    20 | D:1      | Got the Information on Xenomorphic Turbulence
   176 | D:1      | Reached XP level 2. HP: 17/19 MP: 2/2
   637 | D:2      | Reached skill level 5 in Short Blades
   691 | D:2      | Found a faded altar of an unknown god.
  1306 | D:3      | Reached XP level 3. HP: 5/23 MP: 3/3
  1524 | D:3      | Found a stormy altar of Qazlal.
  1549 | D:3      | Noticed Jessica
  1553 | D:3      | Killed Jessica
  1554 | D:3      | Reached XP level 4. HP: 28/28 MP: 4/4
  1565 | D:3      | Reached skill level 6 in Short Blades
  1833 | D:3      | Found a hide-covered altar of Uskayaw.
  1836 | D:3      | Noticed a +0 dagger
  1837 | D:3      | Noticed a +0 short sword
  1838 | D:3      | Became a worshipper of Uskayaw the Reveller
  1838 | D:3      | Reached * piety under Uskayaw
  1838 | D:3      | Noticed a +0 spear
  1848 | D:3      | Noticed a +0 falchion
  1848 | D:3      | Noticed a +0 spear
  1850 | D:3      | Noticed a +0 dagger
  1851 | D:3      | Noticed a +0 short sword
  1853 | D:3      | Noticed a +0 falchion
  1956 | D:3      | Reached ** piety under Uskayaw
  1973 | D:3      | Reached *** piety under Uskayaw
  2189 | D:4      | Found a broken altar of Ashenzari.
  2237 | D:4      | Reached XP level 5. HP: 16/32 MP: 5/5
  2430 | D:4      | Noticed a lemure
  2430 | D:4      | Noticed a lemure
  2431 | D:4      | Noticed a lemure
  2431 | D:4      | Noticed a lemure
  2431 | D:4      | Noticed Pikel
  2511 | D:4      | Killed from afar by an orc priest

Illustrated notes

Levels and vault maps discovered:
D:1:      dpeg_arrival_line_fractal, layout_rooms,
          chequers_serial_rivers_micro_e
D:2:      layout_loops_ring, hellmonk_ecumenical_altar_zigzags
D:3:      layout_rooms, nicolae_uskayaw_en_pointe, lemuel_crystal_altar,
          uniq_jessica
D:4:      layout_loops_corners, lemuel_crystal_altar, dk_xom_monty_hall,
          mainiacjoe_overflow_large_starburst, uniq_pikel

Skill      XL: |  1  2  3  4 |
---------------+-------------+-----
Short Blades   | 5 6 |  6.4
Dodging        | 4 |  4.3
Fighting       | |  3.2
Stealth        | |  0.6
Invocations    | |  0.6
Evocations     | |  0.6

Action                     |  1- 3 |  4- 6 || total
---------------------------+-------+-------++-------
  Melee: Short sword       |    62 |   101 ||   163
         Unarmed           |     1 |     3 ||     4
  Evoke: Wand              |       |     4 ||     4
    Use: Scroll            |       |     1 ||     1
         Potion            |       |     1 ||     1
   Stab: Sleeping          |       |     2 ||     2
         Paralysed         |       |     1 ||     1
 Armour: Robe              |     6 |    13 ||    19
         Skin              |       |     1 ||     1
  Dodge: Dodged            |    31 |    88 ||   119

Table legend: (Time is in decaauts)
 A = Elapsed time spent in this place.
 B = Non-inter-level travel time spent in this place.
 C = Inter-level travel time spent in this place.
 D = Time resting spent in this place.
 E = Time spent auto-exploring this place.
 F = Levels seen in this place.
 G = Mean time per level.
                   A        B        C        D        E       F      G
               +--------+--------+--------+--------+--------+-----+--------+
         Total |   2466 |   2331 |    135 |    264 |   1665 |   4 |  616.5 |
       Dungeon |   2466 |   2331 |    135 |    264 |   1665 |   4 |  616.5 |
               +--------+--------+--------+--------+--------+-----+--------+

Top non-repeatable levels by time:
     D:3: 849 daAuts
     D:2: 822 daAuts
     D:1: 552 daAuts
     D:4: 242 daAuts
